[Event "December 5 Early 2023"]
[Site "https://www.chess.com"]
[Date "2023.12.05"]
[Round "3"]
[White "Vorons, Uldis"]
[Black "Poormosavi, Seyed Kian"]
[Result "0-1"]
[Board "68"]
[TimeControl "180+1"]
[WhiteFideId "11611758"]
[BlackFideId "12585807"]
[WhiteElo "2249"]
[BlackElo "2692"]
[WhiteTeam "LAT"]
[BlackTeam "IRI"]
[WhiteClock "0:00:01"]
[BlackClock "0:00:07"]

1. e4 c6 2. d4 d5 3. e5 c5 4. dxc5 e6 5. Qg4 Nd7 6. Nf3 h5 7. Qf4 Bxc5 8. Bd3 Nh6 9. O-O Be7 10. c3 Nc5 11. Bc2 Bd7 12. Be3 Qc7 13. Nbd2 O-O-O 14. a4 Rdg8 15. b4 Na6 16. Bxa7 b6 17. a5 Qxa7 18. Qd4 Kb7 19. b5 Nc5 20. axb6 Qxb6 21. c4 Ra8 22. cxd5 Rxa1 23. Rxa1 Ra8 24. Rxa8 Kxa8 25. dxe6 Bxe6 26. Ne4 Nf5 27. Qb4 Nxe4 28. Bxe4+ Kb8 29. Qa4 Qa7 30. Qd1 g6 31. h3 Qa5 32. Qd3 Qb4 33. Bxf5 Bxf5 34. Qd5 Be6 35. Qc6 Bc5 36. Qe8+ Ka7 37. g3 Qb2 38. Qc6 Qxf2+ 39. Kh1 Bb6 40. Ng5 Qg1# 0-1

[Event "December 5 Early 2023"]
[Site "https://www.chess.com"]
[Date "2023.12.05"]
[Round "3"]
[White "Makhnev, Denis"]
[Black "Petrukhina, Olga"]
[Result "1-0"]
[Board "69"]
[TimeControl "180+1"]
[WhiteFideId "13707647"]
[BlackFideId "13703935"]
[WhiteElo "2683"]
[BlackElo "2239"]
[WhiteTeam "KAZ"]
[BlackTeam "KAZ"]
[WhiteClock "0:02:41"]
[BlackClock "0:01:18"]

1. Nf3 Nf6 2. c4 e6 3. g3 d5 4. Bg2 Be7 5. O-O O-O 6. d4 dxc4 7. Ne5 Nc6 8. Bxc6 bxc6 9. Nxc6 Qe8 10. Nxe7+ Qxe7 11. Qc2 e5 12. Rd1 exd4 13. Rxd4 Re8 14. Nc3 Be6 15. Bg5 h6 16. Bxf6 Qxf6 17. Rad1 Rab8 18. R1d2 Qe5 19. Qe4 Qxe4 20. Rxe4 Rb5 21. Nxb5 1-0

[Event "December 5 Early 2023"]
[Site "https://www.chess.com"]
[Date "2023.12.05"]
[Round "3"]
[White "Bilan, Danila"]
[Black "Praggnanandhaa R"]
[Result "0-1"]
[Board "70"]
[TimeControl "180+1"]
[WhiteFideId "24161918"]
[BlackFideId "25059530"]
[WhiteElo "2542"]
[BlackElo "3006"]
[WhiteTeam "RUS"]
[BlackTeam "IND"]
[WhiteClock "0:00:55"]
[BlackClock "0:02:17"]

1. d4 d6 2. Nf3 Nf6 3. c4 g6 4. Nc3 Nc6 5. e4 Bg7 6. Be2 e5 7. d5 Ne7 8. O-O Nd7 9. Bg5 h6 10. Bh4 O-O 11. Nd2 f5 12. f3 f4 13. b4 g5 14. Bf2 h5 15. c5 Ng6 16. Nc4 Nf6 17. Qc2 g4 18. cxd6 cxd6 19. Nb5 Ne8 20. Nxa7 g3 21. Bb6 Qh4 22. h3 Bxh3 23. gxh3 Qxh3 24. Bd3 Nh4 25. Rf2 gxf2+ 26. Qxf2 Nxf3+ 0-1

[Event "December 5 Early 2023"]
[Site "https://www.chess.com"]
[Date "2023.12.05"]
[Round "3"]
[White "Tao, Sihan"]
[Black "Drygalov, Sergey"]
[Result "0-1"]
[Board "71"]
[TimeControl "180+1"]
[WhiteFideId "30982677"]
[BlackFideId "24171743"]
[WhiteElo "2540"]
[BlackElo "2944"]
[WhiteTeam "USA"]
[BlackTeam "RUS"]
[WhiteClock "0:01:10"]
[BlackClock "0:02:25"]

1. e4 c5 2. Nf3 d6 3. d4 cxd4 4. Nxd4 Nf6 5. Nc3 a6 6. f3 e5 7. Nb3 Be6 8. Be3 Nbd7 9. Qd2 b5 10. O-O-O Nb6 11. Bxb6 Qxb6 12. Nd5 Bxd5 13. exd5 Be7 14. Kb1 a5 15. Qd3 Rb8 16. Nd2 O-O 17. Ne4 Nxe4 18. fxe4 b4 19. a4 bxa3 20. Qxa3 Rfc8 21. Bd3 Bg5 22. Rhf1 Be3 23. Ka2 Bc5 24. Qb3 Qa7 25. Qa4 Rb4 26. Qa3 Rcb8 27. b3 a4 28. Kb1 Rxb3+ 29. cxb3 Bxa3 0-1

[Event "December 5 Early 2023"]
[Site "https://www.chess.com"]
[Date "2023.12.05"]
[Round "3"]
[White "Khismatullin, Denis"]
[Black "Grutter, Tim"]
[Result "1-0"]
[Board "72"]
[TimeControl "180+1"]
[WhiteFideId "4142578"]
[BlackFideId "1057472"]
[WhiteElo "2928"]
[BlackElo "2539"]
[WhiteTeam "RUS"]
[BlackTeam "NED"]
[WhiteClock "0:01:01"]
[BlackClock "0:00:00"]

1. c4 d6 2. Nc3 e5 3. g3 f5 4. d4 e4 5. Bg2 g6 6. f3 exf3 7. exf3 Bg7 8. Nge2 Nf6 9. Be3 O-O 10. Qd2 Re8 11. O-O Nc6 12. Rae1 d5 13. c5 Be6 14. Bh6 Bh8 15. Kh1 Qd7 16. Bg5 Nh5 17. Nd1 Qg7 18. Bh6 Qf6 19. g4 Ng7 20. Bg5 Qf7 21. Nf4 Qd7 22. Ne3 Bf7 23. Bf6 Ne6 24. Nfxd5 Nexd4 25. Bxh8 Bxd5 26. Bxd4 Bxf3 27. Bxf3 Qxd4 28. Qxd4 Nxd4 29. gxf5 gxf5 30. Bxb7 Rab8 31. Bd5+ Kh8 32. b3 Re5 33. Rd1 f4 34. Rxd4 fxe3 35. Bc4 e2 36. Re1 Rbe8 37. Rd2 Rxc5 38. Rdxe2 Rxe2 39. Rxe2 Kg7 40. Re7+ Kg6 41. Kg2 h6 42. Kf3 a5 43. Re6+ Kg5 44. Ke4 Kg4 45. Rxh6 1-0

[Event "December 5 Early 2023"]
[Site "https://www.chess.com"]
[Date "2023.12.05"]
[Round "3"]
[White "Khamdamova, Afruza"]
[Black "Tran, Tuan Minh"]
[Result "0-1"]
[Board "73"]
[TimeControl "180+1"]
[WhiteFideId "14210444"]
[BlackFideId "12401820"]
[WhiteElo "2538"]
[BlackElo "2923"]
[WhiteTeam "UZB"]
[BlackTeam "VIE"]
[WhiteClock "0:00:05"]
[BlackClock "0:01:28"]

1. e4 c5 2. Nf3 d6 3. d4 cxd4 4. Nxd4 Nf6 5. Nc3 a6 6. Bg5 e6 7. Qe2 Be7 8. O-O-O Nbd7 9. f4 Qc7 10. Kb1 O-O 11. g4 b5 12. a3 Rb8 13. f5 Ne5 14. h4 b4 15. axb4 Rxb4 16. Nb3 Nfxg4 17. Bh3 h5 18. fxe6 Bxe6 19. Nd5 Bxd5 20. Rxd5 Rfb8 21. Bd2 R4b5 22. Bc3 Bf6 23. Rhd1 Nc4 24. Bxf6 Nxf6 25. R5d4 Rb4 26. Bf1 Ne5 27. Rxd6 a5 28. R6d4 a4 29. Rxb4 Rxb4 30. Nd4 Qc3 31. Nb3 Qc7 32. Nc1 Nxe4 33. Qd3 Nxd3 0-1

[Event "December 5 Early 2023"]
[Site "https://www.chess.com"]
[Date "2023.12.05"]
[Round "3"]
[White "Thorfinnsson, Bjorn"]
[Black "Donchenko, Alexander"]
[Result "1/2-1/2"]
[Board "74"]
[TimeControl "180+1"]
[WhiteFideId "2300982"]
[BlackFideId "24603295"]
[WhiteElo "2538"]
[BlackElo "2909"]
[WhiteTeam "ISL"]
[BlackTeam "GER"]
[WhiteClock "0:00:47"]
[BlackClock "0:02:22"]

1. d4 Nf6 2. Nf3 g6 3. Bg5 Bg7 4. e3 c5 5. c3 Qb6 6. Qc2 d6 7. Bd3 O-O 8. Nbd2 Nc6 9. a3 cxd4 10. exd4 e5 11. dxe5 dxe5 12. O-O Be6 13. Rfe1 h6 14. Bxf6 Bxf6 15. Bxg6 fxg6 16. Qxg6+ Kh8 17. Qxh6+ Kg8 18. Ne4 Qd8 19. Qg6+ Kh8 20. Qh6+ Kg8 21. Qg6+ Kh8 22. Qh6+ Kg8 1/2-1/2

[Event "December 5 Early 2023"]
[Site "https://www.chess.com"]
[Date "2023.12.05"]
[Round "3"]
[White "Chylewski, Patryk"]
[Black "Ashraf, Artin"]
[Result "0-1"]
[Board "75"]
[TimeControl "180+1"]
[WhiteFideId "1186191"]
[BlackFideId "22514805"]
[WhiteElo "2538"]
[BlackElo "2909"]
[WhiteTeam "POL"]
[BlackTeam "IRI"]
[WhiteClock "0:00:17"]
[BlackClock "0:01:43"]

1. Nf3 d5 2. d4 Nf6 3. c4 c6 4. cxd5 cxd5 5. Nc3 Ne4 6. Qb3 Nxc3 7. bxc3 Nc6 8. e4 dxe4 9. Ng5 e6 10. Nxe4 Be7 11. Be2 O-O 12. O-O b6 13. Bf3 Bb7 14. Bf4 Rc8 15. Rac1 Na5 16. Qb1 Bd5 17. Rfd1 Qd7 18. Rd3 Qb7 19. Ng5 h6 20. Bxd5 Qxd5 21. Nf3 Nc4 22. Ne5 Bf6 23. Ng4 Qf5 24. Nxf6+ Qxf6 25. Rf3 Qg6 26. Qb5 Rfd8 27. Rg3 Qf6 28. Qh5 Qxf4 0-1

[Event "December 5 Early 2023"]
[Site "https://www.chess.com"]
[Date "2023.12.05"]
[Round "3"]
[White "Sychev, Klementy"]
[Black "Gavrilov, Maxim"]
[Result "1-0"]
[Board "76"]
[TimeControl "180+1"]
[WhiteFideId "4114060"]
[BlackFideId "24271454"]
[WhiteElo "2887"]
[BlackElo "2537"]
[WhiteTeam "FID"]
[BlackTeam "RUS"]
[WhiteClock "0:00:20"]
[BlackClock "0:00:00"]

1. e4 c5 2. Nf3 d6 3. d4 cxd4 4. Nxd4 Nf6 5. Nc3 a6 6. Bg5 e6 7. f4 Qb6 8. Qd2 Qxb2 9. Rb1 Qa3 10. Be2 Nbd7 11. O-O Be7 12. f5 e5 13. Ne6 fxe6 14. fxe6 Nf8 15. Bxf6 Bxf6 16. Nd5 Qc5+ 17. Kh1 Bxe6 18. Nxf6+ gxf6 19. Rxb7 Nd7 20. Qh6 Qc6 21. Rfb1 O-O-O 22. Ra7 1-0

[Event "December 5 Early 2023"]
[Site "https://www.chess.com"]
[Date "2023.12.05"]
[Round "3"]
[White "Gokerkan, Cem Kaan"]
[Black "Lewicki, Miroslaw"]
[Result "1/2-1/2"]
[Board "77"]
[TimeControl "180+1"]
[WhiteFideId "6336760"]
[BlackFideId "1113380"]
[WhiteElo "2868"]
[BlackElo "2534"]
[WhiteTeam "TUR"]
[BlackTeam "POL"]
[WhiteClock "0:00:20"]
[BlackClock "0:00:20"]

1. e4 c5 2. Nf3 d6 3. d4 cxd4 4. Nxd4 Nf6 5. Nc3 a6 6. Bc4 Qc7 7. Bb3 b5 8. O-O Bb7 9. Nd5 Nxd5 10. exd5 Nd7 11. Re1 g6 12. Bg5 h6 13. Bh4 Nb6 14. Qf3 Nc4 15. Bf6 Rh7 16. a4 Nd2 17. Qd3 Nxb3 18. cxb3 Bxd5 19. Nxb5 axb5 20. Qxd5 Rb8 21. axb5 e6 22. Qd3 Be7 23. Bd4 e5 24. Be3 f5 25. Rec1 Qb7 26. Ra7 Qxb5 27. Qxb5+ Rxb5 28. Rc8+ Kf7 29. Rxe7+ Kxe7 30. Rc7+ Kf6 31. Rxh7 f4 32. Bd2 Rxb3 33. Bc3 d5 34. Rd7 d4 35. Bxd4 exd4 36. Rxd4 Rxb2 37. Rxf4+ Kg5 38. g3 h5 39. Kg2 Ra2 40. Rb4 Rc2 41. h4+ Kh6 42. Rf4 Ra2 43. Kf3 Ra3+ 44. Ke4 Ra4+ 45. Kd5 Ra5+ 46. Ke6 Ra6+ 47. Kd5 Ra5+ 48. Kc6 Ra6+ 49. Kb5 Ra2 50. Kc5 Ra5+ 51. Kc4 Ra4+ 52. Kd5 Ra5+ 1/2-1/2

[Event "December 5 Early 2023"]
[Site "https://www.chess.com"]
[Date "2023.12.05"]
[Round "3"]
[White "Ozates, Tuna"]
[Black "Shuvalova, Polina"]
[Result "0-1"]
[Board "78"]
[TimeControl "180+1"]
[WhiteFideId "6354521"]
[BlackFideId "24171760"]
[WhiteElo "2534"]
[BlackElo "2859"]
[WhiteTeam "TUR"]
[BlackTeam "RUS"]
[WhiteClock "0:00:15"]
[BlackClock "0:01:11"]

1. e4 c6 2. Nf3 d5 3. d3 Qc7 4. Nc3 dxe4 5. dxe4 e5 6. Bc4 b5 7. Bb3 h6 8. O-O Nf6 9. a4 b4 10. Ne2 Bc5 11. Ng3 O-O 12. Nh4 Be6 13. Nhf5 Nbd7 14. Qf3 Rfe8 15. Nh5 Nxh5 16. Qxh5 Nf6 17. Qh4 Bxf5 18. exf5 Be7 19. Qg3 Kf8 20. Be3 Nd5 21. Bd2 Rad8 22. Rae1 Bd6 23. Bxd5 cxd5 24. f6 gxf6 25. Bxh6+ Ke7 26. Qh4 Qc4 27. f4 Rg8 28. Kh1 Rg6 29. b3 Qd4 30. Qh3 Rh8 31. fxe5 Bxe5 32. Be3 Rxh3 33. Bxd4 Rxh2+ 34. Kg1 Rgxg2# 0-1

[Event "December 5 Early 2023"]
[Site "https://www.chess.com"]
[Date "2023.12.05"]
[Round "3"]
[White "Silva Lucena, Cristian"]
[Black "Javakhadze, Zurab"]
[Result "0-1"]
[Board "79"]
[TimeControl "180+1"]
[WhiteFideId "2232588"]
[BlackFideId "13603647"]
[WhiteElo "2533"]
[BlackElo "2826"]
[WhiteTeam "ESP"]
[BlackTeam "GEO"]
[WhiteClock "0:00:12"]
[BlackClock "0:00:06"]

1. d4 Nf6 2. c4 e6 3. Nc3 Bb4 4. e3 O-O 5. Ne2 Re8 6. a3 Bf8 7. Ng3 d5 8. cxd5 exd5 9. Bd3 c5 10. O-O cxd4 11. exd4 Nc6 12. Nce2 Bd6 13. h3 Ne4 14. Nxe4 dxe4 15. Bc4 Bf5 16. Be3 Qh4 17. Ng3 Bg6 18. Kh2 Kh8 19. Qd2 h6 20. b4 f5 21. f4 exf3 22. Rxf3 Bh5 23. Bf4 Bxf3 24. Bxd6 Be4 25. b5 Ne7 26. Rf1 Rad8 27. Rf4 Qg5 28. h4 Qg6 29. Be5 Nd5 30. Bxd5 Rxd5 31. a4 Rexe5 32. Qc3 Re8 33. h5 Qg5 34. Qe3 Rdd8 35. d5 Bxg2 36. Qf2 Bxd5 37. Rxf5 Qh4+ 38. Kg1 Be4 39. Rf4 Rd1+ 40. Nf1 Qh1# 0-1

[Event "December 5 Early 2023"]
[Site "https://www.chess.com"]
[Date "2023.12.05"]
[Round "3"]
[White "Gharibyan, Mamikon"]
[Black "Korchynskyi, Mykola"]
[Result "1-0"]
[Board "80"]
[TimeControl "180+1"]
[WhiteFideId "13308300"]
[BlackFideId "34138005"]
[WhiteElo "2824"]
[BlackElo "2532"]
[WhiteTeam "ARM"]
[BlackTeam "UKR"]
[WhiteClock "0:00:18"]
[BlackClock "0:00:03"]

1. e4 e6 2. d4 d5 3. e5 c5 4. c3 Nc6 5. Nf3 Qb6 6. a3 Nh6 7. b4 cxd4 8. cxd4 Nf5 9. Be3 Nxe3 10. fxe3 g6 11. Bd3 Bh6 12. Qe2 O-O 13. O-O Bd7 14. Nc3 Rac8 15. Nd1 Ne7 16. Nf2 Nf5 17. Ng4 Bg7 18. Nf6+ Bxf6 19. exf6 a6 20. g4 Nd6 21. Ne5 Bb5 22. Bxb5 Qxb5 23. Qf2 h6 24. Rac1 Kh7 25. Rc5 Qa4 26. Rfc1 Ne4 27. Rxc8 Rxc8 28. Rxc8 Qd1+ 29. Qf1 Qd2 30. Nxf7 Qxe3+ 31. Kh1 Nf2+ 32. Kg2 Qe4+ 33. Kxf2 Qxd4+ 34. Kg3 Qe3+ 35. Kg2 Qe4+ 36. Qf3 Qc2+ 37. Rxc2 1-0

[Event "December 5 Early 2023"]
[Site "https://www.chess.com"]
[Date "2023.12.05"]
[Round "3"]
[White "Molina, Roberto Junio Brito"]
[Black "Derjabin, Ilja"]
[Result "1-0"]
[Board "81"]
[TimeControl "180+1"]
[WhiteFideId "2109450"]
[BlackFideId "14104768"]
[WhiteElo "2819"]
[BlackElo "2530"]
[WhiteTeam "BRA"]
[BlackTeam "UKR"]
[WhiteClock "0:00:09"]
[BlackClock "0:00:00"]

1. e4 e6 2. d4 d5 3. Nc3 Nf6 4. e5 Ne4 5. Nxe4 dxe4 6. Be3 c5 7. dxc5 Nd7 8. b4 a5 9. a3 Qc7 10. f4 axb4 11. axb4 Rxa1 12. Qxa1 b6 13. Nh3 bxc5 14. b5 Be7 15. Be2 Nb6 16. c4 O-O 17. O-O Bb7 18. Qc3 Rd8 19. Qc2 Ra8 20. Nf2 Ra3 21. Bc1 Ra1 22. Nxe4 f5 23. exf6 gxf6 24. Bd2 Rxf1+ 25. Kxf1 Qd8 26. Be3 Na4 27. Bf3 Bxe4 28. Bxe4 Nb6 29. Bxh7+ Kg7 30. Qg6+ Kh8 31. Qh5 Kg7 32. Bc2 f5 33. Qe2 Bf6 34. Bxc5 Qc7 35. Be3 Nxc4 36. Bc1 Nb6 37. g3 Nd5 38. Ba3 1-0

[Event "December 5 Early 2023"]
[Site "https://www.chess.com"]
[Date "2023.12.05"]
[Round "3"]
[White "Yeremyan, Alen"]
[Black "Baches Garcia, Guillermo"]
[Result "1-0"]
[Board "82"]
[TimeControl "180+1"]
[WhiteFideId "13308998"]
[BlackFideId "2209764"]
[WhiteElo "2805"]
[BlackElo "2530"]
[WhiteTeam "ARM"]
[BlackTeam "ESP"]
[WhiteClock "0:01:18"]
[BlackClock "0:00:00"]

1. Nf3 d5 2. g3 Nf6 3. Bg2 c6 4. O-O Bg4 5. d4 e6 6. c4 Nbd7 7. Nfd2 Be7 8. Nc3 O-O 9. Qb3 Rb8 10. e4 dxc4 11. Nxc4 Nb6 12. Bf4 Rc8 13. h3 Bh5 14. Be3 Nxc4 15. Qxc4 Bg6 16. a4 a5 17. Rad1 Bb4 18. f3 Qc7 19. Bf2 Nh5 20. Kh2 Bd6 21. e5 Bb4 22. Ne4 Rce8 23. Be3 f5 24. Ng5 h6 25. Nxe6 Qf7 26. f4 Rxe6 27. d5 cxd5 28. Bxd5 Rfe8 29. g4 fxg4 30. hxg4 Nf6 31. exf6 Qxf6 32. f5 Kh8 33. fxe6 1-0

[Event "December 5 Early 2023"]
[Site "https://www.chess.com"]
[Date "2023.12.05"]
[Round "3"]
[White "IM_ArthurDW08"]
[Black "Dauner, Benedikt"]
[Result "1-0"]
[Board "83"]
[TimeControl "180+1"]
[BlackFideId "16225899"]
[WhiteElo "2804"]
[BlackElo "2529"]
[BlackTeam "GER"]
[WhiteClock "0:00:32"]
[BlackClock "0:00:32"]

1. e4 c5 2. Nf3 Nf6 3. e5 Nd5 4. Nc3 e6 5. Ne4 f5 6. Nc3 Ne7 7. Nb5 Ng8 8. d4 a6 9. Nd6+ Bxd6 10. exd6 cxd4 11. Qxd4 Nf6 12. Bf4 O-O 13. O-O-O Nc6 14. Qd3 Qa5 15. Kb1 Ne4 16. Be3 b5 17. Nd2 Nb4 18. Qb3 Bb7 19. a3 Nd5 20. Nxe4 fxe4 21. Bd4 Rac8 22. c4 bxc4 23. Qxb7 Rb8 24. Qxd7 c3 25. Qxg7# 1-0

[Event "December 5 Early 2023"]
[Site "https://www.chess.com"]
[Date "2023.12.05"]
[Round "3"]
[White "Bocharov, Dmitry"]
[Black "Masague Artero, Guerau"]
[Result "1-0"]
[Board "84"]
[TimeControl "180+1"]
[WhiteFideId "4138716"]
[BlackFideId "32098952"]
[WhiteElo "2803"]
[BlackElo "2527"]
[WhiteTeam "RUS"]
[BlackTeam "ESP"]
[WhiteClock "0:00:29"]
[BlackClock "0:00:00"]

1. d4 Nf6 2. c4 d6 3. Nf3 Nbd7 4. Nc3 e5 5. g3 c6 6. Bg2 e4 7. Nh4 d5 8. O-O Bb4 9. Qb3 Bxc3 10. bxc3 O-O 11. cxd5 cxd5 12. f3 exf3 13. Rxf3 Re8 14. Bg5 h6 15. Bxf6 Nxf6 16. Raf1 Rxe2 17. Rxf6 gxf6 18. Bxd5 Qe7 19. Bxf7+ Qxf7 20. Qb5 Qe8 21. Qd5+ Qe6 22. Qd8+ Kh7 23. Nf5 Re1 24. g4 Rxf1+ 25. Kxf1 b6 26. Kf2 Qf7 27. Nd6 Qxa2+ 28. Kg3 Qe6 29. Nf5 Qf7 30. Nd6 Qd7 31. Qxf6 Ba6 32. Nf5 Qc7+ 33. Kf3 1-0

[Event "December 5 Early 2023"]
[Site "https://www.chess.com"]
[Date "2023.12.05"]
[Round "3"]
[White "Avila Pavas, Santiago"]
[Black "Yelisieiev, Yevhenii"]
[Result "0-1"]
[Board "85"]
[TimeControl "180+1"]
[WhiteFideId "4437128"]
[BlackFideId "14139642"]
[WhiteElo "2788"]
[BlackElo "2521"]
[WhiteTeam "COL"]
[BlackTeam "GER"]
[WhiteClock "0:00:00"]
[BlackClock "0:00:09"]

1. d4 d6 2. Nf3 Nf6 3. Bg5 Nbd7 4. Nbd2 e5 5. e4 Be7 6. Bc4 O-O 7. O-O c6 8. c3 h6 9. Bh4 Nxe4 10. Nxe4 d5 11. Bxe7 Qxe7 12. Bd3 dxe4 13. Bxe4 Nf6 14. Bc2 exd4 15. Qxd4 Rd8 16. Rfe1 Qxe1+ 17. Rxe1 Rxd4 18. Nxd4 Bd7 19. Bb3 Re8 20. Rd1 c5 21. Nc2 Bc6 22. Ne3 g6 23. a4 Kf8 24. Kf1 Ke7 25. Nc4 Bd5 26. Na5 Bxb3 27. Nxb3 b6 28. a5 Rd8 29. Ra1 Kd6 30. f3 Kc6 31. axb6 axb6 32. Ke2 Nd5 33. g3 Re8+ 34. Kf2 f5 35. Nd2 g5 36. Ra7 Re7 37. Ra8 g4 38. Rh8 Re6 39. f4 Nf6 40. Nc4 Ne4+ 41. Kg2 Kb5 42. Ne5 Rd6 43. Kf1 Rd2 44. Rxh6 Rxb2 45. Rxb6+ Kxb6 46. Nc4+ Kb5 47. Nxb2 Nxc3 48. Kf2 c4 49. Ke3 Kb4 50. Kd4 Nb5+ 51. Ke5 c3 52. Nd3+ Kc4 53. Ne1 Nd4 54. Kf6 Kd5 55. Nd3 c2 56. Nc1 Ke4 57. Kg5 Nf3+ 58. Kh5 Nxh2 59. Kg6 Nf1 0-1

[Event "December 5 Early 2023"]
[Site "https://www.chess.com"]
[Date "2023.12.05"]
[Round "3"]
[White "Kozlov, Gennady"]
[Black "Damjanovic, Vuk"]
[Result "1-0"]
[Board "86"]
[TimeControl "180+1"]
[WhiteFideId "4191668"]
[BlackFideId "980021"]
[WhiteElo "2518"]
[BlackElo "2784"]
[WhiteTeam "ESP"]
[BlackTeam "SRB"]
[WhiteClock "0:01:57"]
[BlackClock "0:01:25"]

1. b3 h6 2. Bb2 a6 3. f4 a5 4. a4 b6 5. Nf3 Nf6 6. e3 Rg8 7. g3 Bb7 8. Bg2 e6 9. Qe2 Be7 10. d3 Na6 11. Nbd2 d6 12. e4 Nb4 13. O-O-O b5 14. axb5 a4 15. bxa4 Rxa4 16. Nb3 Qa8 17. c3 Na2+ 18. Kb1 Nxe4 19. dxe4 Bxe4+ 20. Rd3 Qd5 21. Nbd4 Nxc3+ 22. Bxc3 Bxd3+ 23. Qxd3 Qa2+ 24. Kc1 Qxg2 25. Rg1 Qa2 26. Qc2 Qd5 27. Qxa4 f6 28. b6+ Kf7 29. bxc7 Rc8 30. Qd7 Qc4 31. Qxe6+ Qxe6 32. Nxe6 Kxe6 33. Ba5 Bd8 34. Nd4+ Kd7 35. Nb5 Bxc7 36. Nxc7 Rb8 37. Kc2 1-0

[Event "December 5 Early 2023"]
[Site "https://www.chess.com"]
[Date "2023.12.05"]
[Round "3"]
[White "Rietze, Clemens, Dr."]
[Black "Zamorano, Jorge"]
[Result "0-1"]
[Board "87"]
[TimeControl "180+1"]
[WhiteFideId "24620351"]
[BlackFideId "173770"]
[WhiteElo "2517"]
[BlackElo "2780"]
[WhiteTeam "GER"]
[BlackTeam "ARG"]
[WhiteClock "0:00:15"]
[BlackClock "0:00:04"]

1. d4 d5 2. c4 e6 3. Nf3 Nf6 4. g3 c5 5. cxd5 exd5 6. Bg2 Nc6 7. O-O Be7 8. Nc3 O-O 9. Bg5 cxd4 10. Nxd4 Be6 11. Qa4 Qb6 12. Nxe6 fxe6 13. Qb5 h6 14. Bd2 Bc5 15. e3 Ne5 16. b3 a6 17. Qe2 Bb4 18. a3 Be7 19. Rfb1 Rac8 20. Na4 Qb5 21. Bf1 Ne4 22. Be1 Nf3+ 23. Kh1 Qxe2 24. Bxe2 Nxe1 25. Rxe1 b5 26. Nb2 Nxf2+ 27. Kg1 Ne4 28. Nd3 Rc3 29. b4 Bg5 30. Bf1 Rf3 31. Nf4 Rfxe3 32. Nxe6 Bf6 33. Rad1 Rxe1 34. Rxe1 Nd6 35. Kh1 Rxa3 36. Nc5 Ne4 37. Nd7 Rb3 38. Nb6 Rb2 39. Nxd5 Nf2+ 40. Kg1 Bd4 41. Ne3 Ng4 42. Kh1 Bxe3 43. Bg2 Nf2+ 44. Kg1 Ng4+ 45. Kh1 Nf2+ 46. Kg1 Bb6 47. Bf1 Nd3+ 48. Kh1 Nxe1 49. Bxb5 axb5 50. h4 Nf3 0-1

[Event "December 5 Early 2023"]
[Site "https://www.chess.com"]
[Date "2023.12.05"]
[Round "3"]
[White "Halkias, Stelios"]
[Black "Yaniuk, Volodymyr"]
[Result "1-0"]
[Board "88"]
[TimeControl "180+1"]
[WhiteFideId "4201809"]
[BlackFideId "14133083"]
[WhiteElo "2775"]
[BlackElo "2510"]
[WhiteTeam "GRE"]
[BlackTeam "UKR"]
[WhiteClock "0:00:18"]
[BlackClock "0:00:00"]

1. Nf3 d5 2. d4 Nf6 3. c4 e6 4. g3 dxc4 5. Bg2 a6 6. O-O Nc6 7. Nc3 Bd7 8. e4 Be7 9. Qe2 Na5 10. Ne5 O-O 11. Rd1 Bb5 12. Bd2 c5 13. d5 exd5 14. exd5 Bd6 15. a4 Bd7 16. Nxc4 Nxc4 17. Qxc4 b6 18. Bf4 Qc7 19. Bxd6 Qxd6 20. Rac1 h6 21. h3 Rfe8 22. Re1 Rxe1+ 23. Rxe1 Kf8 24. Re3 b5 25. axb5 axb5 26. Nxb5 Bxb5 27. Qxb5 Rb8 28. Qc6 Rd8 29. Rc3 Nxd5 30. Qxd6+ Rxd6 31. Rd3 Rb6 32. Rxd5 Rxb2 33. Rxc5 Rd2 34. h4 g6 35. h5 Kg7 36. hxg6 fxg6 37. Bf3 Rd6 38. Kg2 h5 39. Rc6 Rd4 40. Re6 Rb4 41. Be2 Kf7 42. Re3 Kf6 43. Rc3 Rb6 44. Rc5 Rd6 45. Bc4 Rd4 46. Bd5 h4 47. Bf3 g5 48. g4 Rf4 49. Be2 Re4 50. Kf3 Rf4+ 51. Ke3 Rb4 52. Rf5+ Kg6 53. Bd3 Rxg4 54. Rf8+ Kg7 55. Rf5 Rg1 56. Be4 h3 57. Rf3 g4 58. Rg3 Re1+ 59. Kf4 1-0

[Event "December 5 Early 2023"]
[Site "https://www.chess.com"]
[Date "2023.12.05"]
[Round "3"]
[White "Eugene, Floryan"]
[Black "Urazayev, Arystanbek"]
[Result "1-0"]
[Board "89"]
[TimeControl "180+1"]
[WhiteFideId "20694784"]
[BlackFideId "13709810"]
[WhiteElo "2510"]
[BlackElo "2771"]
[WhiteTeam "FRA"]
[BlackTeam "KAZ"]
[WhiteClock "0:01:13"]
[BlackClock "0:00:00"]

1. d4 Nf6 2. c4 g6 3. Nc3 Bg7 4. e4 d6 5. Nf3 O-O 6. Be2 e5 7. O-O exd4 8. Nxd4 Re8 9. f3 Nc6 10. Be3 Nh5 11. Nc2 f5 12. Re1 f4 13. Bf2 Be5 14. Nd5 Be6 15. b4 Ne7 16. Nd4 Bf7 17. b5 Rc8 18. Bh4 Bxd5 19. cxd5 Qd7 20. Rc1 Ng7 21. Qd2 h6 22. Red1 g5 23. Bf2 h5 24. a4 g4 25. a5 Ng6 26. a6 b6 27. Nc6 Ra8 28. Bd4 g3 29. h3 Bxd4+ 30. Qxd4 1-0

[Event "December 5 Early 2023"]
[Site "https://www.chess.com"]
[Date "2023.12.05"]
[Round "3"]
[White "Atakhan, Abtin"]
[Black "Shinkarev, M"]
[Result "1-0"]
[Board "91"]
[TimeControl "180+1"]
[WhiteFideId "22502203"]
[BlackFideId "4145348"]
[WhiteElo "2735"]
[BlackElo "2508"]
[WhiteTeam "IRI"]
[BlackTeam "RUS"]
[WhiteClock "0:00:31"]
[BlackClock "0:00:10"]

1. c4 e5 2. Nc3 Nf6 3. Nf3 Nc6 4. e3 Bb4 5. Qc2 Bxc3 6. Qxc3 Qe7 7. Be2 O-O 8. O-O d5 9. cxd5 Nxd5 10. Qb3 Rd8 11. d3 Na5 12. Qc2 c5 13. Bd2 Nc6 14. Rfc1 b6 15. a3 a5 16. b3 Ba6 17. Re1 h6 18. Bf1 Rac8 19. Rad1 Nf6 20. Bc3 Bb7 21. Qb2 Re8 22. d4 cxd4 23. exd4 e4 24. d5 Nb8 25. d6 Qd7 26. Ne5 Qf5 27. Bc4 Rxe5 28. Bxe5 Ng4 29. Bg3 Nd7 30. Qd4 b5 31. Bd5 Bxd5 32. Qxd5 Qxd5 33. Rxd5 a4 34. b4 Rb8 35. Rc5 Ngf6 36. Rec1 Kh7 37. Rc8 Rb6 38. R1c6 Rb7 39. h3 Kg6 40. Bh4 Kf5 41. Bxf6 Nxf6 42. R6c7 Rb6 43. d7 1-0

[Event "December 5 Early 2023"]
[Site "https://www.chess.com"]
[Date "2023.12.05"]
[Round "3"]
[White "Rodriguez Fontecha, Marcos"]
[Black "Matinian, Nikita"]
[Result "0-1"]
[Board "92"]
[TimeControl "180+1"]
[WhiteFideId "2256576"]
[BlackFideId "24129100"]
[WhiteElo "2508"]
[BlackElo "2723"]
[WhiteTeam "ESP"]
[BlackTeam "FID"]
[WhiteClock "0:00:00"]
[BlackClock "0:01:11"]

1. d4 Nf6 2. Nf3 g6 3. Bf4 Bg7 4. Nc3 d5 5. Qd2 O-O 6. Bh6 c5 7. Bxg7 Kxg7 8. e3 Nc6 9. Be2 Bg4 10. O-O Rc8 11. dxc5 Qa5 12. a3 Qxc5 13. Rad1 Rfd8 14. Nd4 Ne5 15. Nb3 Qc7 16. Bxg4 Nfxg4 17. f4 Nc4 18. Qd4+ f6 19. Nxd5 Rxd5 20. Qxd5 Ncxe3 21. Qd7 Nxd1 22. Qxc7 Rxc7 23. Rxd1 Rxc2 24. h3 Rxg2+ 25. Kxg2 Ne3+ 26. Kf3 Nxd1 27. Na5 Nxb2 28. Nxb7 Nc4 29. a4 a5 30. Ke4 Nb6 31. Nc5 h5 32. f5 g5 33. Kd4 Kh6 34. Nb3 Nxa4 35. Nxa5 g4 36. h4 Nc3 37. Nc6 g3 38. Ke3 Nd5+ 39. Kf3 g2 40. Kxg2 Ne3+ 41. Kf3 Nxf5 42. Kf4 Kg6 43. Nd8 e5+ 44. Ke4 Nxh4 45. Nc6 Nf5 0-1